 Dungeon Crawl Stone Soup version 0.22-a0-482-g76e0a5f (webtiles) character file.

13 epen the Digger (level 2, -2/18 HPs)
             Began as an Octopode Earth Elementalist on June 17, 2018.
             Killed from afar by a dart slug (5 damage)
             ... with a slug dart
             ... on level 1 of the Dungeon.
             The game lasted 00:00:32 (316 turns).

epen the Digger (Octopode Earth Elementalist)        Turns: 316, Time: 00:00:33

Health: -2/18      AC:  1    Str:  7    XL:     2   Next: 37%
Magic:  5/5        EV: 13    Int: 17    God:
Gold:   32         SH:  0    Dex: 12    Spells: 4/5 levels left

rFire    . . .     SeeInvis .     - Unarmed
rCold    . . .     Gourm    .   (no shield)
rNeg     . . .     Faith    .   (helmet restricted)
rPois    .         Spirit   .   (no amulet)
rElec    .         Reflect  .   (no ring)
rCorr    .         Harm     .   (no ring)
MR       .....                  (no ring)
Stlth    +++.......             (no ring)
HPRegen  0.06/turn              (no ring)
MPRegen  0.09/turn              (no ring)
                                (no ring)
                                (no ring)

@: no status effects
A: almost no armour, stealthy swim, amphibious, 8 rings, constrict 8, camouflage
1, gelatinous body 1
a: no special abilities


You were on level 1 of the Dungeon.
You were not hungry.

You visited 1 branch of the dungeon, and saw 1 of its levels.

You collected 32 gold pieces.

Inventory:

Missiles
 b - 30 stones (quivered)
Scrolls
 a - a scroll of magic mapping {unknown}
 d - a scroll of fear {unknown}
Comestibles
 c - a ration


   Skills:
 + Level 0.4 Fighting
 + Level 2.1 Dodging
 - Level 2.6 Stealth
 * Level 1.0 Unarmed Combat
 + Level 2.1 Spellcasting
   Level 1.0 Transmutations
 + Level 3.1 Earth Magic


You had 4 spell levels left.
You knew the following spells:

 Your Spells              Type           Power        Failure   Level  Hunger
a - Sandblast             Erth           ##....       5%          1    #......

Your spell library contained the following spells:

 Spells                   Type           Power        Failure   Level  Hunger
 Stone Arrow              Conj/Erth      #.....       30%         3    ###....
 Passwall                 Tmut/Erth      #.......     12%         2    ###....
 Lee's Rapid Deconstruct  Erth           ##........   83%         5    ######.
 Petrify                  Tmut/Erth      #.......     63%         4    #####..


Dungeon Overview and Level Annotations

Branches:
Dungeon (1/15)

Altars:


Innate Abilities, Weirdness & Mutations

You cannot wear most types of armour.
You are very stealthy in the water. (Stealth+)
You are amphibious.
You can wear up to eight rings at the same time.
You can use your tentacles to constrict eight enemies at once.
Your skin changes colour to match your surroundings (Stealth+).
Your rubbery body absorbs attacks. (AC +1, EV +1)


Message History

You constrict the frilled lizard. The frilled lizard bites you.
You tentacle-slap the frilled lizard but do no damage.
The frilled lizard is heavily wounded.
You constrict the frilled lizard.
You kill the frilled lizard!
Your Unarmed Combat skill increases to level 1!
The dart slug launches a dart at you. The slug dart hits you!
* * * LOW HITPOINT WARNING * * *
The dart slug completely misses you.
Things that are here:
a frilled lizard corpse; a rat corpse You tentacle-slap the dart slug but do no damage.
You grab the dart slug.
You constrict the dart slug, but do no damage.
You tentacle-slap the dart slug but do no damage.
You constrict the dart slug, but do no damage.
The dart slug launches a dart at you. The slug dart hits you!
You die...

.# ## #.# ... .. #.#
#.# .. #.# ###.## ..
#.# #....# .. #.#
#.#.## .. . #.#
#....# #.
....#####.#####....##
##
......w@).).........#
....#####.####......#
. .............#
...............####
.....................
.................####
..............####
........!.....#
.......


You could see a dart slug.

Vanquished Creatures
  A leopard gecko (D:1)
  2 goblins (D:1)
  A hobgoblin (D:1)
  2 jackals (D:1)
  2 kobolds (D:1)
  A frilled lizard (D:1)
  2 rats (D:1)
11 creatures vanquished.

Notes
Turn   | Place    | Note
-------+----------+-------------------------------------------
     0 | D:1      | epen the Octopode Earth Elementalist began the quest for the Orb.
     0 | D:1      | Reached XP level 1. HP: 11/11 MP: 3/3
    71 | D:1      | Reached XP level 2. HP: 6/17 MP: 5/5
   313 | D:1      | Reached skill level 1 in Unarmed Combat
   316 | D:1      | Killed from afar by a dart slug

Vault maps used:
D:1:      matt_arrival_grand_opening

Skill      XL: |  1  2 |
---------------+-------+-----
Unarmed Combat | 1 |  1.0
Fighting       | |  0.4
Dodging        | |  2.1
Stealth        | |  2.6
Spellcasting   | |  2.1
Transmutations | |  1.0
Earth Magic    | |  3.1

Action                   || total
-------------------------++-------
Melee: Unarmed           ||    35
       Tentacles         ||     8
       Constrict         ||    10
 Stab: Sleeping          ||     2
Dodge: Dodged            ||    20

Table legend:
 A = Spawn XP
 B = Non-spawn XP
 C = Spawn XP percentage of total XP
 D = Spawn monster count
 E = Non-spawn monster count
 F = Spawn count percentage of total count
 G = Total turns spent on level
                    A         B        C        D         E        F      G
               +---------+---------+-------+---------+---------+-------+---------
         Total |       0 |      19 |   0.0 |       0 |      11 |   0.0 |   316
               +---------+---------+-------+---------+---------+-------+---------
           D:1 |       0 |      19 |   0.0 |       0 |      11 |   0.0 |   316
               +---------+---------+-------+---------+---------+-------+---------
